Map: Oxide LE

Players

rottenorange

  • Race: Zerg Zerg
  • League: Silver
  • Spawn Location: 7:00

Inthehouse - Winner!

  • Race: Terran Terran
  • League: Silver
  • Spawn Location: 1:00

VOD

Have the link to the VOD?

Description

Time

  • Played on: Oct. 10, 2020, 11:09 a.m.
  • Length: 13:59
Show
View Real Time Build Order
Export as new Build Order

rottenorange Zerg 

Build Orders: Hatch First, Roach Hydra 

Get SALT Encoding   

  12  0:00  Drone  
  13  0:08  Drone  
  14  0:24  Overlord  
  14  0:42  Drone x3  
  17  0:53  Hatchery  
  16  0:58  Drone  
  16  1:01  Extractor  
  16  1:12  Drone  
  16  1:16  Spawning Pool  
  16  1:18  Drone  
  18  1:25  Drone  
  18  1:37  Drone  
  19  2:04  Queen  
  19  2:06  Queen  
  23  2:11  Metabolic Boost  
  23  2:17  Zergling x4  
  23  2:21  Drone x3  
  28  2:27  Overlord  
  28  2:39  Overlord  
  28  2:45  Queen  
  28  2:50  Drone  
  28  2:51  Drone x3  
  34  3:05  Drone x2  
  36  3:22  Drone  
  36  3:23  Drone x7  
  44  3:30  Extractor  
  42  3:40  Zergling x6  
  44  3:43  Spine Crawler  
  44  3:46  Spine Crawler  
  42  4:05  Overlord x3, Spine Crawler  
  42  4:06  Drone x3  
  44  4:18  Lair  
  44  4:22  Hatchery, Roach Warren  
  42  4:27  Evolution Chamber  
  42  4:28  Overlord x2  
  41  4:36  Spine Crawler  
  40  4:47  Drone  
  40  4:48  Drone x7  
  48  5:07  Zerg Missile Weapons Level 1  
  48  5:11  Roach x5  
  58  5:15  Spine Crawler  
  59  5:21  Roach x2  
  61  5:32  Queen  
  63  5:50  Spore Crawler  
  63  5:55  Spore Crawler  
  61  6:01  Spore Crawler  
  61  6:02  Roach  
  61  6:03  Roach x10  
  82  6:16  Hydralisk Den  
  81  6:21  Extractor x2  
  81  6:23  Queen  
  81  6:25  Drone  
  82  6:26  Overlord  
  82  6:27  Overlord x2  
  82  6:39  Glial Reconstitution  
  82  6:49  Drone  
  82  6:50  Drone x4  
  82  6:52  Drone x2  
  89  6:55  Spine Crawler  
  89  6:57  Hydralisk x2  
  92  7:01  Zerg Ground Armor Level 1  
  92  7:15  Grooved Spines  
  92  7:27  Drone x3  
  92  7:28  Spore Crawler, Drone  
  92  7:29  Drone x7  
  102  7:31  Hydralisk  
  104  7:48  Overlord x3  
  104  8:02  Hydralisk  
  104  8:03  Evolution Chamber  
  105  8:07  Overlord x2  
  105  8:08  Hydralisk x4  
  113  8:29  Ravager x3  
  113  8:30  Ravager  
  113  8:31  Ravager  
  113  8:32  Hydralisk x3  
  113  8:33  Hydralisk x4  
  132  8:53  Overlord x5  
  132  9:08  Hatchery  
  131  9:16  Hydralisk  
  131  9:17  Hydralisk x5  
  131  9:20  Roach x2  
  145  9:35  Hydralisk x2  
  145  9:38  Roach  
  142  9:39  Roach x4  
  150  9:55  Zerg Missile Weapons Level 2  
  150  9:59  Muscular Augments  
  150  10:01  Burrow  
  150  10:06  Tunneling Claws  
  150  10:13  Drone x6  
  156  10:14  Extractor x2  
  156  10:15  Drone  
  156  10:16  Drone x2  
  156  10:18  Roach x4  
  156  10:21  Hydralisk  
  167  10:36  Queen  
  167  10:37  Drone  
  167  10:38  Drone  
  171  11:20  Overseer x2  
  171  11:23  Overseer x2  
  171  11:29  Hydralisk  
  171  11:30  Hydralisk x10  
  167  11:34  Roach x2  
  133  11:42  Roach  
  133  11:43  Roach x3  
  133  11:47  Zergling x22  
  128  12:08  Roach x8  
  77  12:23  Hydralisk x4  
  54  12:47  Hydralisk x4  
  58  13:01  Roach  
  58  13:02  Roach x2  
  58  13:03  Zergling x8  
  64  13:06  Queen  
Show
View Real Time Build Order
Export as new Build Order

Inthehouse Terran - Winner!

Build Orders:  

Get SALT Encoding   

  12  0:00  SCV  
  13  0:12  SCV  
  14  0:18  Supply Depot  
  14  0:24  SCV  
  15  0:29  Refinery  
  15  0:39  SCV  
  16  0:45  Barracks  
  16  0:52  SCV  
  17  1:06  SCV  
  18  1:18  SCV  
  19  1:32  Orbital Command  
  19  1:44  Command Center  
  20  1:54  Reaper  
  20  1:58  SCV  
  21  2:02  Refinery  
  21  2:10  Supply Depot, SCV  
  22  2:23  SCV  
  22  2:25  Factory  
  23  2:31  Reaper  
  24  2:37  SCV  
  24  2:39  Supply Depot  
  25  2:49  SCV  
  26  2:57  Bunker  
  26  3:00  Orbital Command  
  26  3:01  SCV  
  26  3:03  Marine  
  28  3:08  Factory Tech Lab  
  28  3:13  SCV  
  28  3:18  Starport  
  29  3:28  SCV x2  
  29  3:31  Marine  
  32  3:40  SCV x2  
  34  3:50  Cyclone  
  34  3:52  SCV x2  
  34  3:53  Marine  
  40  4:01  Supply Depot  
  40  4:04  SCV x2  
  42  4:15  Supply Depot  
  42  4:16  SCV x2  
  44  4:17  Barracks  
  44  4:19  Barracks Tech Lab, Barracks  
  44  4:20  Starport Reactor  
  44  4:33  SCV x2  
  44  4:37  Refinery  
  46  4:43  Command Center, Engineering Bay  
  46  4:45  SCV  
  46  4:46  SCV  
  46  4:47  Engineering Bay  
  46  4:51  Marine  
  46  4:52  Stimpack  
  49  5:00  Siege Tank  
  49  5:02  SCV x2  
  54  5:10  Refinery  
  54  5:11  Marine  
  54  5:12  Marine  
  56  5:14  SCV  
  56  5:15  SCV  
  58  5:26  SCV, Marine  
  58  5:27  SCV  
  61  5:28  Terran Infantry Weapons Level 1  
  61  5:29  Marine x2, Terran Infantry Armor Level 1  
  63  5:50  Marine x3  
  63  5:51  Supply Depot  
  63  5:52  Supply Depot, Siege Tank  
  63  5:53  Supply Depot  
  69  5:57  Medivac  
  69  5:58  Viking  
  73  6:06  SCV x2  
  73  6:08  Marine  
  76  6:17  Orbital Command  
  76  6:18  SCV x2  
  78  6:26  Sensor Tower  
  78  6:30  Marine x3, SCV x2  
  83  6:33  Siege Tank  
  83  6:34  Medivac x2  
  83  6:35  Sensor Tower  
  90  6:42  Armory  
  90  6:45  Supply Depot, Combat Shield  
  90  6:47  Supply Depot  
  90  6:48  Marine x3  
  90  6:52  SCV x3  
  96  6:58  Missile Turret  
  96  7:02  Missile Turret  
  96  7:04  SCV x3  
  96  7:06  Marine  
  96  7:07  Refinery  
  102  7:13  Barracks Reactor  
  102  7:15  Barracks Tech Lab  
  100  7:16  SCV x2  
  100  7:17  SCV  
  100  7:21  Barracks  
  103  7:23  Barracks, Starport  
  103  7:24  Marine  
  104  7:31  Siege Tank  
  104  7:33  Viking x2  
  111  7:40  Concussive Shells  
  111  7:42  Marine  
  111  7:44  Marauder  
  114  7:48  SCV x2  
  114  7:49  SCV  
  117  8:00  Marine, SCV x2, Refinery  
  117  8:01  SCV  
  117  8:03  Siege Tank  
  117  8:05  Command Center  
  124  8:11  Terran Infantry Weapons Level 2  
  124  8:12  Supply Depot, SCV  
  125  8:14  Supply Depot  
  125  8:17  Supply Depot  
  125  8:18  Supply Depot  
  125  8:19  Terran Infantry Armor Level 2  
  125  8:27  Barracks Reactor  
  125  8:28  Barracks Tech Lab  
  125  8:29  Starport Reactor  
  125  8:34  Marauder, Marine x3  
  125  8:35  Siege Tank  
  133  8:43  Medivac x2  
  133  8:47  Marine  
  138  8:52  Marauder, Marine x2  
  138  8:55  Marine  
  143  9:05  Marine  
  143  9:08  Command Center  
  144  9:11  Supply Depot  
  144  9:14  Marauder x2, Marine x2, Supply Depot  
  144  9:15  Command Center, Marine  
  144  9:16  Marine  
  152  9:24  Marauder  
  153  9:32  Marine  
  153  9:35  Marauder x2  
  158  9:43  Marine x2  
  158  9:44  Marine  
  158  9:45  Marauder  
  163  9:47  Viking  
  163  9:48  Medivac, Viking  
  163  9:49  Siege Tank  
  172  9:56  Marauder x2  
  176  10:06  Marauder  
  178  10:08  Marine  
  178  10:09  Marine x2  
  181  10:15  Terran Vehicle Weapons Level 1  
  181  10:16  Supply Depot  
  181  10:17  Supply Depot  
  181  10:18  Marauder x2  
  181  10:20  Supply Depot, Marine, Refinery  
  186  10:21  Siege Tank  
  186  10:22  Medivac x2, Missile Turret  
  186  10:23  Refinery  
  186  10:26  Marine  
  186  10:28  Marauder  
  196  10:29  Orbital Command  
  196  10:32  Orbital Command  
  196  10:39  Marauder x2  
  200  10:44  Supply Depot  
  200  10:49  Orbital Command  
  177  11:37  Marine x7  
  177  11:39  Siege Tank  
  175  11:40  Viking  
  171  11:54  Marine  
  171  11:55  Marine x6  
  158  12:11  Siege Tank  
  158  12:12  Marine  
  158  12:13  Marine x6  
  158  12:15  Medivac x4  
  160  12:30  Marine  
  160  12:31  Marine x6  
  165  12:43  Siege Tank  
  168  12:45  Medivac x4  
  168  12:48  Marine  
  168  12:49  Marine x6  
  178  13:06  Marine x7  
  183  13:14  Medivac  
  183  13:15  Siege Tank  
  188  13:24  Marine x7  
Tags
 
Composition
Roach Hydra
Matchup
TvZ
Replay Pack
replays
Spawn Locations
Cross Positions
Add a new tag
Caveats
  • Supply blocks, unpowered buildings, or Contaminate may cause inaccurate times.
  • Supply counts are checked every 10 seconds.